 Dungeon Crawl Stone Soup version 0.28-a0-401-ge240ad9e29 (webtiles) character file.

Game seed: 14568123794857579869

194 ytrimaz the Chopper (level 5, -1/47 HPs)
             Began as a Minotaur Berserker on Sept 4, 2021.
             Was a Believer of Trog.
             Slain by Grinder (6 damage)
             ... on level 3 of the Dungeon.
             The game lasted 00:03:27 (3302 turns).

ytrimaz the Chopper (Minotaur Berserker)            Turns: 3302, Time: 00:03:27

Health: -1/47      AC:  4    Str: 23    XL:     5   Next: 44%
Magic:  4/4        EV: 12    Int:  4    God:    Trog [**....]
Gold:   67         SH:  0    Dex:  9    Spells: 4/4 levels left

rFire   . . .      SeeInvis .   a - +0 hand axe
rCold   . . .      Faith    .   (no shield)
rNeg    . . .      Spirit   .   b - +0 animal skin
rPois   .          Reflect  .   (helmet restricted)
rElec   .          Harm     .   (no cloak)
rCorr   .          Rampage  .   l - +1 pair of gloves
Will    .....                   (no boots)
Stlth   +.........              (no amulet)
HPRegen 0.15/turn               (no ring)
MPRegen 0.09/turn               (no ring)

@: on berserk cooldown, slowed, very slow
A: horns 2, retaliatory headbutt
a: Renounce Religion, Berserk, Trog's Hand


You were on level 3 of the Dungeon.
You worshipped Trog.
Trog was pleased with you.
You visited 1 branch of the dungeon, and saw 3 of its levels.

You collected 67 gold pieces.

Inventory:

Hand Weapons
 a - a +0 hand axe (weapon)
Armour
 b - a +0 animal skin (worn)
 l - a +1 pair of gloves (worn)
Wands
 e - a wand of flame (9)
Scrolls
 c - a scroll of torment
 d - a scroll of enchant armour
 h - a scroll of identify
 i - a scroll of teleportation
Potions
 g - a potion of might {unknown}
 j - a potion of haste {unknown}


   Skills:
 + Level 4.9 Fighting
 * Level 6.0 Axes
 + Level 2.7 Armour
 + Level 3.2 Dodging


You had 4 spell levels left.
You didn't know any spells.
Your spell library was empty.

Dungeon Overview and Level Annotations

Branches:
Dungeon (3/15)

Altars:

Shops:
D:2 [

Annotations:
D:3 Grinder


Innate Abilities, Weirdness & Mutations

You have a pair of horns on your head.
You reflexively headbutt those who attack you in melee.


Message History

The worm bites you.
You slash the worm!
You kill the worm!
Trog accepts your kill.
Your Axes skill increases to level 6!
HP restored.
An orc comes into view. It is wielding a +0 club.
An orc is nearby!
You hit the orc. You headbutt the orc.
You kill the orc!
Trog accepts your kill.
You see here a +0 club.
There is an escape hatch in the ceiling here.
You now have 67 gold pieces (gained 3).
Grinder comes into view.
Grinder shouts!
Grinder is nearby!
Grinder is nearby!
Grinder says, "Tell me all your secrets, or I'll kill you."
Grinder gestures at you. Pain shoots through your body!
A red film seems to cover your vision as you go berserk!
You feel yourself moving faster!
You feel mighty!
You feel a strong urge to attack something.
Grinder closely misses you. You furiously retaliate!
You headbutt Grinder.
You feel your anger nearly subside.
You are no longer berserk.
You are exhausted.
You feel yourself slow down. Grinder hits you.
You writhe in agony.
Grinder gestures at you. Pain shoots through your body!
The orc shouts!
Grinder gestures at you. Pain shoots through your body!
* * * LOW HITPOINT WARNING * * *
You feel better.
The gnoll shouts!
Grinder hits you.
* * * LOW HITPOINT WARNING * * *
You writhe in agony.
You die...

.....#.#.##....#...........##...#
.....#.#.##................##...#
.......#.##..>............).)....
.....#.#.##.....###........##...#
.....#.#.######.# #.............#
##..##.#.######.# #..#.....##...#
#..##.#.##.....###..#...........
##...###........................h
.....# ..P....@5...............
##...# .≈≈≈≈≈≈≈≈≈≈≈≈≈≈≈≈≈≈≈....
.....# .≈≈≈≈≈≈≈≈≈≈≈≈≈≈≈≈≈≈≈...
##.#.# .≈≈#####≈≈≈≈≈≈≈≈≈≈≈≈...
..<..# .≈ #.o #..............
##.#.# . #g. #############' #.#.#
## #.#.# #.#.#


You could see Grinder, a gnoll and an orc.

Vanquished Creatures
  A water moccasin skeleton (D:3)
  Ijyb (D:3)
  A gnoll (D:3)
  5 adders
  3 worms
  A dart slug (D:3)
  2 orcs (D:3)
  5 endoplasms (D:2)
  2 giant cockroaches
  7 hobgoblins
  5 jackals (D:3)
  A quokka (D:2)
  10 ball pythons
  5 bats
  A frilled lizard (D:2)
  5 goblins
  2 rats
57 creatures vanquished.

Vanquished Creatures (others)
  A fungus (D:3)
  A plant (D:3)
2 creatures vanquished.

Grand Total: 59 creatures vanquished

Notes
Turn   | Place    | Note
-------+----------+-------------------------------------------
     0 | D:1      | ytrimaz the Minotaur Berserker began the quest for the Orb.
     0 | D:1      | Reached XP level 1. HP: 19/19 MP: 0/0
   109 | D:1      | Found a faded altar of an unknown god.
   724 | D:2      | Reached skill level 4 in Axes
   724 | D:2      | Reached XP level 2. HP: 27/27 MP: 1/1
   794 | D:2      | Found Tyanlaon's Armour Emporium.
   893 | D:2      | Reached XP level 3. HP: 10/33 MP: 2/2
  1328 | D:2      | Reached ** piety under Trog
  1942 | D:3      | Reached skill level 5 in Axes
  1942 | D:3      | Reached XP level 4. HP: 34/41 MP: 3/3
  2093 | D:3      | Reached XP level 5. HP: 47/47 MP: 4/4
  2864 | D:3      | Noticed Ijyb
  2874 | D:3      | Killed Ijyb
  3205 | D:3      | Reached skill level 6 in Axes
  3288 | D:3      | Noticed Grinder
  3301 | D:3      | HP: 2/47 [Grinder/nerve-wracking pain (14)]
  3302 | D:3      | Slain by Grinder

Illustrated notes

Levels and vault maps discovered:
D:1:      scummos_arrival_simple_fountains, layout_loops_ring,
          shapermc_ecumenical_altar_acropolis
D:2:      layout_rooms, serial_shops, nicolae_shop_waterfront,
          minmay_nonomino_d4
D:3:      lemuel_castle_with_subvaults [lemuel_castle_interior_carwin_2],
          layout_basic, nicolae_ru_the_path_less_chosen, lightli_temple_of_fire,
          chequers_serial_rivers_room_a, uniq_ijyb, uniq_grinder

Skill      XL: |  1  2  3  4  5 |
---------------+----------------+-----
Axes           | 4 5 6 |  6.0
Fighting       | 4 |  4.9
Dodging        | 3 |  3.2
Armour         | |  2.7

Action                   |  1- 3 |  4- 6 || total
-------------------------+-------+-------++-------
Melee: Hand axe          |    83 |    53 ||   136
       Headbutt          |    13 |     9 ||    22
Invok: Berserk           |     1 |     3 ||     4
  Use: Scroll            |       |     6 ||     6
       Potion            |       |     1 ||     1
Armor: Animal skin       |    11 |    18 ||    29
Dodge: Dodged            |    55 |    36 ||    91

Table legend: (Time is in decaauts)
 A = Elapsed time spent in this place.
 B = Non-inter-level travel time spent in this place.
 C = Inter-level travel time spent in this place.
 D = Time resting spent in this place.
 E = Time spent auto-exploring this place.
 F = Levels seen in this place.
 G = Mean time per level.
                   A        B        C        D        E       F      G
               +--------+--------+--------+--------+--------+-----+--------+
         Total |   3337 |   3285 |     52 |   1275 |   1524 |   3 | 1112.3 |
       Dungeon |   3337 |   3285 |     52 |   1275 |   1524 |   3 | 1112.3 |
               +--------+--------+--------+--------+--------+-----+--------+

Top non-repeatable levels by time:
     D:2: 1766 daAuts
     D:3: 911 daAuts
     D:1: 660 daAuts
